 Dungeon Crawl Stone Soup version 0.26.0-45-g9c1d065592 (webtiles) character file.

Game seed: 13309245937547858545

(classic levelgen) 46 thiole the Magician (level 3, 0/21 HPs)
             Began as an Octopode Hedge Wizard on Jan 28, 2021.
             Slain by a leopard gecko (4 damage)
             ... on level 2 of the Dungeon.
             The game lasted 00:03:10 (1412 turns).

thiole the Magician (Octopode Hedge Wizard)         Turns: 1412, Time: 00:03:10

Health: 0/21       AC:  1    Str:  9    XL:     3   Next: 66%
Magic:  8/8        EV: 13    Int: 17    God:
Gold:   71         SH:  0    Dex: 11    Spells: 9/10 levels left

rFire    . . .     SeeInvis .   o - +0 short sword (holy)
rCold    . . .     Faith    .   (no shield)
rNeg     . . .     Spirit   .   b - +0 hat
rPois    .         Reflect  .   (no amulet)
rElec    .         Harm     .   (no ring)
rCorr    .         Rampage  .   (no ring)
Will     .....                  (no ring)
Stlth    +++.......             (no ring)
HPRegen  0.07/turn              (no ring)
MPRegen  0.11/turn              (no ring)
                                (no ring)
                                (no ring)

@: no status effects
A: almost no armour, stealthy swim, amphibious, 8 rings, constrict 8, camouflage
1, gelatinous body 1
a: no special abilities


You were on level 2 of the Dungeon.
You visited 1 branch of the dungeon, and saw 2 of its levels.

You collected 71 gold pieces.

Inventory:

Hand Weapons
 a - a +0 dagger
 o - a +0 short sword of holy wrath (weapon)
Missiles
 j - 21 poisoned darts (quivered)
 m - 42 stones
Armour
 b - a +0 hat (worn)
Jewellery
 n - a cursed -4 ring of slaying {unknown}
Scrolls
 d - 4 scrolls of identify {unknown}
 e - a scroll of fear {unknown}
 h - 3 scrolls of blinking {unknown}
 i - a scroll of fog {unknown}
 k - a scroll of amnesia {unknown}
 l - a scroll of remove curse {unknown}
Potions
 c - a potion of heal wounds {unknown}
 f - 2 potions of haste {unknown}
 g - a potion of invisibility {unknown}


   Skills:
 - Level 2.0 Dodging
 - Level 2.6 Stealth
 * Level 4.3 Spellcasting
 - Level 1.0 Conjurations
 - Level 1.0 Summonings
 - Level 1.0 Translocations


You had 9 spell levels left.
You knew the following spells:

 Your Spells              Type           Power        Failure   Level
a - Magic Dart            Conj           28%          10%         1

Your spell library contained the following spells:

 Spells                   Type           Power        Failure   Level
 Blink                    Tloc           N/A          16%         2
 Call Imp                 Summ           7%           16%         2
 Slow                     Hex            3%           22%         2
 Conjure Flame            Conj/Fire      5%           36%         3
 Mephitic Cloud           Conj/Pois/Air  4%           36%         3


Dungeon Overview and Level Annotations

Branches:
Dungeon (2/15)

Altars:


Innate Abilities, Weirdness & Mutations

You cannot wear most types of armour.
You are very stealthy in the water. (Stealth+)
You are amphibious.
You can wear up to eight rings at the same time.
You can use your tentacles to constrict eight enemies at once.
Your skin changes colour to match your surroundings (Stealth+).
Your rubbery body absorbs attacks. (AC +1, EV +1)


Message History

You kill the kobold!
You start resting.
Magic restored.
You start resting.
A leopard gecko comes into view.
j - 23 poisoned darts (gained 2) Throw: 23 darts (poison)
Press: ? - help, Q - select action, (/) - cycle Shift-Dir - straight line, f - leopard gecko
Aim: a leopard gecko (wandering, hasn't noticed you, 37% to hit)
You throw a poisoned dart.
The poisoned dart hits the leopard gecko.
The leopard gecko is poisoned.
Throw: 22 darts (poison)
Press: ? - help, Q - select action, (/) - cycle Shift-Dir - straight line, f/p - leopard gecko
Aim: a leopard gecko (poisoned, 37% to hit)
You throw a poisoned dart.
The poisoned dart hits the leopard gecko.
You miss the leopard gecko. Your grab misses the leopard gecko.
The leopard gecko bites you.
You die...

#.. #. ... #.# #.? #.#
## .B. #.# #.#
########### #.#######
#()(l@(((.# #....w.w.
#(#######.####.(####.#
l.. #....(.(# #.# ####
#######.# ... #.# ##.#
#.. ..# ###. ?.. # #.#


You could see a leopard gecko (poisoned).

Vanquished Creatures
  A worm (D:2)
  A dart slug (D:1)
  2 leopard geckos (D:1)
  4 bats (D:1)
  2 giant cockroaches (D:1)
  5 goblins (D:1)
  4 hobgoblins (D:1)
  4 jackals (D:1)
  A quokka (D:2)
  A ball python (D:1)
  A frilled lizard (D:1)
  6 kobolds
  5 rats (D:1)
37 creatures vanquished.

Notes
Turn   | Place    | Note
-------+----------+-------------------------------------------
     0 | D:1      | thiole the Octopode Hedge Wizard began the quest for the
                  | Orb.
     0 | D:1      | Reached XP level 1. HP: 11/11 MP: 4/4
   312 | D:1      | Reached XP level 2. HP: 17/17 MP: 0/6
   558 | D:1      | Reached XP level 3. HP: 19/21 MP: 1/8
   570 | D:1      | Reached skill level 4 in Spellcasting
  1412 | D:2      | Slain by a leopard gecko

Illustrated notes

Levels and vault maps discovered:
D:1:      nicolae_arrival_memento_mori, layout_rooms,
          hangedman_abyss_or_decor_stabs
D:2:      layout_loops_cross, gammafunk_temple_overflow_statue,
          amethyst_overflow_temple_binary, minmay_misc_feat_rows

Skill      XL: |  1  2  3 |
---------------+----------+-----
Spellcasting   | 4 |  4.3
Dodging        | |  2.0
Stealth        | |  2.6
Conjurations   | |  1.0
Summonings     | |  1.0
Translocations | |  1.0

Action                   || total
-------------------------++-------
Melee: Dagger            ||    34
       Tentacles         ||     5
       Constrict         ||    10
       Short sword       ||     4
Throw: Dart              ||    15
 Cast: Magic Dart        ||    72
Armor: Skin              ||     3
Dodge: Dodged            ||    25
